Map: Blueshift LE

Players

IPLAYMECH - Winner!

  • Race: Terran Terran
  • League: Platinum
  • Spawn Location: 1:00

A.I. 2 (Very Easy)

  • Race: Zerg Zerg
  • Spawn Location: 7:00

VOD

Have the link to the VOD?

Description

TvZ Ryu hellbat timing

Time

  • Played on: Sept. 29, 2018, 3:47 p.m.
  • Length: 6:28
Show
View Real Time Build Order
Export as new Build Order

IPLAYMECH Terran - Winner!

Build Orders: Reaper Expand 

Get SALT Encoding   

  12  0:00  SCV  
  13  0:12  SCV  
  14  0:17  Supply Depot  
  14  0:24  SCV  
  15  0:39  SCV  
  15  0:40  Barracks  
  16  0:44  Refinery  
  16  0:51  SCV  
  17  1:04  SCV  
  18  1:16  SCV  
  19  1:28  Orbital Command  
  19  1:29  Reaper  
  20  1:40  Command Center  
  20  1:51  Barracks  
  20  1:55  SCV  
  21  2:03  Barracks Reactor  
  21  2:04  Supply Depot  
  21  2:07  SCV  
  22  2:12  Refinery  
  22  2:19  SCV  
  23  2:27  Factory  
  23  2:31  SCV  
  24  2:39  Barracks Tech Lab, Marine  
  24  2:40  Marine  
  27  2:44  SCV  
  27  2:53  Orbital Command  
  27  2:56  SCV  
  27  2:58  Stimpack  
  28  3:03  Marine  
  29  3:05  Marine  
  29  3:08  SCV  
  29  3:09  Marine  
  32  3:16  Starport  
  32  3:21  Marine  
  32  3:23  Marine  
  32  3:25  Factory Reactor  
  32  3:26  Marine  
  35  3:28  SCV  
  35  3:29  SCV  
  37  3:40  SCV  
  38  3:41  SCV  
  38  3:42  Supply Depot  
  38  3:44  Supply Depot  
  38  3:45  Marine  
  38  3:46  Marine  
  38  3:48  Marine  
  42  3:53  SCV  
  42  3:55  Medivac  
  45  3:56  SCV  
  46  4:04  Hellion x2  
  50  4:10  Supply Depot  
  50  4:13  Armory  
  50  4:17  Marine x3  
  53  4:25  Hellion x2  
  53  4:27  Medivac  
  53  4:29  SCV x2  
  61  4:35  Supply Depot  
  61  4:38  Marine x3  
  64  4:46  Hellion x2  
  64  4:47  SCV  
  69  4:53  Supply Depot  
  69  4:59  Supply Depot  
  69  5:08  Hellion x2  
  69  5:13  SCV x2  
  75  5:14  Starport Reactor  
  75  5:19  Barracks  
  76  5:22  Supply Depot  
  76  5:25  SCV x2  
  77  5:37  SCV x2  
  79  5:43  Factory Tech Lab  
  79  5:44  Command Center  
  79  5:45  Engineering Bay  
  79  5:46  Engineering Bay  
  79  5:49  Refinery, SCV x2  
  81  5:51  Refinery  
  81  5:54  Marine  
  81  5:55  Marine  
  83  6:01  SCV  
  83  6:02  SCV  
  88  6:14  SCV  
  88  6:15  SCV  
Show
View Real Time Build Order
Export as new Build Order

A.I. 2 (Very Easy) Zerg 

Build Orders: Pool Only 

Get SALT Encoding   

  12  0:00  Drone  
  13  0:12  Overlord  
  13  0:16  Drone  
  14  0:35  Spawning Pool  
  13  0:36  Extractor  
  13  0:39  Drone  
  13  0:46  Drone  
  14  0:51  Overlord  
  14  1:21  Zergling x2, Queen  
  17  1:29  Roach Warren  
  17  1:32  Drone  
  17  1:33  Zergling x2  
  18  1:43  Drone  
  18  1:44  Zergling x2  
  20  1:53  Drone  
  21  2:04  Drone  
  22  2:15  Drone  
  23  2:26  Drone  
  23  2:28  Overlord  
  24  2:33  Drone  
  24  4:46  Roach  
  24  4:47  Drone  
  24  4:49  Lair, Extractor  
  26  4:54  Drone  
  27  5:02  Drone  
  28  5:09  Drone  
  27  5:17  Drone  
  27  5:18  Overlord  
  27  5:20  Roach  
  30  5:24  Drone  
  31  5:31  Drone  
  32  5:49  Overseer x2  
  32  5:53  Zergling x2  
  33  6:02  Overlord  
  29  6:07  Overlord  
  29  6:09  Overlord  
Tags
 
Add a new tag
Caveats
  • Supply blocks, unpowered buildings, or Contaminate may cause inaccurate times.
  • Supply counts are checked every 10 seconds.